 Dungeon Crawl Stone Soup version 0.21.0-3-g78d12a8 (webtiles) character file.

36811 inmateoo the Carver (level 13, -9/98 HPs)
             Began as a Mummy Fighter on Jan 13, 2018.
             Was a High Priest of Okawaru.
             Killed by divine providence
             ... invoked by a meliai
              (10 damage)
             ... on level 15 of the Dungeon.
             The game lasted 00:25:24 (18977 turns).

inmateoo the Carver (Mummy Fighter)                Turns: 18977, Time: 00:25:24

Health: -9/98      AC: 26    Str: 22    XL:     13   Next: 55%
Magic:  18/18      EV: 12    Int:  7    God:    Okawaru [*****.]
Gold:   419        SH: 12    Dex: 14    Spells: 12/12 levels left

rFire    + . .     SeeInvis .   J - +4 scimitar (flame)
rCold    + . .     Gourm    .   c - +0 shield
rNeg     + + +     Faith    .   b - +6 chain mail of Pewomp {MR+}
rPois    ∞         Spirit   .   v - +2 helmet
rElec    .         Reflect  .   (no cloak)
rCorr    .         Harm     .   f - +0 pair of gloves
MR       ++...                  z - +2 pair of boots
Stlth    ..........             (no amulet)
HPRegen  0.26/turn              h - ring of protection from fire
MPRegen  0.16/turn              w - ring of protection from fire

@: heroism
A: no food or potions, fire vulnerability, cold resistance 1, negative energy
resistance 3, torment resistance, unbreathing, in touch with death 1
a: Heroism, Finesse, Renounce Religion


You were on level 15 of the Dungeon.
You worshipped Okawaru.
Okawaru was extremely pleased with you.
You were not hungry.

You visited 1 branch of the dungeon, and saw 15 of its levels.
You also visited: Sewer.

You collected 599 gold pieces.
You spent 180 gold pieces at shops.

Inventory:

Hand Weapons
 n - the +9 falchion of the Lost Dreams {slice, rF+ rN+}
   (Okawaru gifted it to you on level 12 of the Dungeon)

   It inflicts extra damage upon your enemies.
   It protects you from fire.
   It protects you from negative energy.
 B - a +2 antimagic scimitar
 J - a +4 scimitar of flaming (weapon)
Armour
 b - the +6 chain mail of Pewomp (worn) {MR+}
   (You found it on level 8 of the Dungeon)

   It affects your resistance to hostile enchantments.
 c - a +0 shield (worn)
 f - a +0 pair of gloves (worn)
 v - a +2 helmet (worn)
 z - a +2 pair of boots (worn)
Jewellery
 h - a ring of protection from fire (left hand)
 k - an uncursed ring of protection from cold
 l - an uncursed ring of see invisible
 p - an uncursed ring of protection from cold
 t - a +3 ring of protection
 w - a ring of protection from fire (right hand)
Wands
 a - a wand of digging (6)
 i - a wand of disintegration (2)
 y - a wand of enslavement (9)
 A - a wand of polymorph (16)
 D - a wand of random effects (18)
 E - a wand of paralysis (14)
 G - a wand of iceblast (3)
Scrolls
 e - 10 scrolls of remove curse
 g - 9 scrolls of identify
 j - 6 scrolls of teleportation
 m - 4 scrolls of amnesia
 q - 3 scrolls of fog
 r - 2 scrolls of magic mapping
 u - a scroll of enchant armour
 F - a scroll of enchant weapon
 H - a scroll of torment
Books
 x - a book of the Warp

   Spells                             Type                      Level
   a - Gell's Gravitas                Translocation                3
   b - Portal Projectile              Hexes/Translocation          3
   c - Force Lance                    Conjuration/Translocation    4
   d - Dispersal                      Translocation                6
   e - Controlled Blink               Translocation                8
   f - Disjunction                    Translocation                8
Miscellaneous
 d - a lamp of fire
 s - a box of beasts


   Skills:
 + Level 7.8(12.8) Fighting
 * Level 14.0(19.0) Long Blades
 + Level 6.4(11.4) Armour
 - Level 4.0(9.0) Dodging
 - Level 5.0(10.0) Shields
 + Level 6.7 Invocations
 + Level 6.5 Evocations


You had 12 spell levels left.
You didn't know any spells.

Dungeon Overview and Level Annotations

Branches:
Dungeon (15/15)            Temple (0/1) D:4            Lair (0/6) D:11
    Orc (0/2) D:12
 Vaults: D:13-14     Depths: D:15

Altars:
Ashenzari
Cheibriados
Elyvilon
Kikubaaqudgha
Nemelex Xobeh
Okawaru
Ru
Uskayaw
Zin
Beogh

Shops:
D:8 [

Annotations:
D:14 exclusion: Roxanne, Roxanne


Innate Abilities, Weirdness & Mutations

You do not eat or drink.
Your flesh is vulnerable to fire.
You are immune to poison.
Your flesh is cold resistant. (rC+)
You are immune to negative energy. (rN+++)
You are immune to unholy pain and torment.
You can survive without breathing.
You are in touch with the powers of death.


Message History

The meliai stings you but does no damage.
Unknown command.
Your chain mail of Pewomp prevents you from hitting the meliai.
The meliai is moderately wounded.
The meliai barely misses you. You block the meliai's attack.
Unknown command.
You closely miss the meliai.
The meliai is moderately wounded.
The meliai closely misses you.
The meliai stings you but does no damage.
Unknown command.
Unknown command.
You slash the meliai! You burn the meliai.
The meliai is severely wounded.
The meliai invokes the aid of its god against you.
Something smites you!
* * * LOW HITPOINT WARNING * * *
The meliai calls down the wrath of its god upon you.
Something smites you!
You die...

#######
#.....#
#..y).#
#..@..#
#.....#
+.....#
#.....#
#####+#


You could see a meliai.

Vanquished Creatures
  Nessos (D:13)
  Azrael (D:13)
  Josephine (D:13)
  Fannar (D:12)
  2 hydras
  A centaur warrior (D:13)
  11 two-headed ogres
  A catoblepas (D:13)
  A tengu warrior (D:13)
  The ghost of p0werm0de the Chopper, a novice DDFi of Makhleb (D:8)
  2 unseen horrors
  The ghost of p0werm0de the Chopper, a novice DDFi (D:7)
  7 ugly things
  2 deep elf magi
  The ghost of buskinjo the Cleaver, a novice DsGl of Qazlal (D:6)
  A manticore (D:11)
  A cyclops (D:14)
  2 centaur zombies
  The ghost of p0werm0de the Chopper, a novice DDFi (D:5)
  A gargoyle (D:13)
  2 komodo dragons
  An efreet (D:14)
  A kobold demonologist (D:14)
  2 tengu conjurers
  6 trolls
  4 meliai
  3 slime creatures (D:13)
  2 hippogriffs
  A dream sheep (shapeshifter) (D:13)
  Grinder (D:3)
  A shadow (D:11)
  A centaur simulacrum (D:14)
  3 fire elementals (D:13)
  4 wraiths (D:13)
  3 hungry ghosts
  A basilisk (D:14)
  Menkaure (D:5)
  4 acid dragons
  3 hell hounds (D:13)
  A water moccasin (D:7)
  10 orc warriors
  4 ice beasts
  A sky beast (D:13)
  2 eyes of draining
  A black bear (D:6)
  A necrophage (D:12)
  6 ogres
  3 phantoms
  8 centaurs
  5 big kobolds
  12 bullfrogs
  2 scorpions
  A wyvern skeleton (D:8)
  11 killer bees
  11 wights
  An electric eel (D:14)
  5 howler monkeys
  A bullfrog zombie (D:12)
  3 crimson imps
  11 orc priests
  10 orc wizards
  A centaur skeleton (D:7)
  10 hounds
  2 jellies
  3 bullfrog skeletons
  5 worker ants
  6 iguanas
  A hound skeleton (D:5)
  5 gnolls
  15 adders
  A howler monkey skeleton (D:6)
  5 river rats (Sewer)
  4 shadow imps
  An adder zombie (D:6)
  4 worms
  A worm (shapeshifter) (D:13)
  4 dart slugs
  5 leopard geckos
  65 orcs
  7 giant cockroaches
  8 goblins
  6 hobgoblins
  6 jackals
  14 kobolds
  5 quokkas
  4 ball pythons
  11 bats
  3 frilled lizards
  9 rats
405 creatures vanquished.

Vanquished Creatures (others)
  An orc (D:13)
  A quokka (D:3)
2 creatures vanquished.

Grand Total: 407 creatures vanquished

Notes
Turn   | Place    | Note
-------+----------+-------------------------------------------
     0 | D:1      | inmateoo the Mummy Fighter began the quest for the Orb.
     0 | D:1      | Reached XP level 1. HP: 18/18 MP: 1/1
    22 | D:1      | Reached skill level 2 in Long Blades
    52 | D:1      | Reached XP level 2. HP: 20/24 MP: 2/2
   947 | D:2      | Reached XP level 3. HP: 28/29 MP: 3/3
  1036 | D:2      | Reached skill level 3 in Long Blades
  1420 | D:2      | Reached XP level 4. HP: 27/35 MP: 4/4
  2091 | D:3      | Noticed Grinder
  2096 | D:3      | Paralysed by Grinder for 4 turns
  2105 | D:3      | Found a white marble altar of Elyvilon.
  2115 | D:3      | Paralysed by Grinder for 3 turns
  2123 | D:3      | Paralysed by Grinder for 4 turns
  2134 | D:3      | Killed Grinder
  2134 | D:3      | Reached skill level 4 in Long Blades
  2134 | D:3      | Reached XP level 5. HP: 5/41 MP: 5/5
  2439 | D:3      | Found a hide-covered altar of Uskayaw.
  2459 | D:3      | Reached skill level 5 in Long Blades
  2550 | D:3      | Found an iron altar of Okawaru.
  2554 | D:3      | Became a worshipper of Warmaster Okawaru
  3102 | D:2      | Reached XP level 6. HP: 47/47 MP: 6/6
  3498 | D:4      | Reached * piety under Okawaru
  3498 | D:4      | Reached skill level 6 in Long Blades
  3569 | D:4      | Found a glowing drain.
  3578 | Sewer    | Entered a sewer
  3607 | Sewer    | Reached XP level 7. HP: 33/52 MP: 7/7
  3979 | Sewer    | Reached skill level 1 in Invocations
  4402 | D:4      | Found a glowing silver altar of Zin.
  4402 | D:4      | Noticed an angel
  4447 | D:4      | Found a staircase to the Ecumenical Temple.
  4572 | D:5      | Entered Level 5 of the Dungeon
  4580 | D:5      | Noticed p0werm0de's ghost (novice DDFi)
  4656 | D:5      | Found a snail-covered altar of Cheibriados.
  4696 | D:5      | Reached skill level 7 in Long Blades
  5015 | D:5      | Reached ** piety under Okawaru
  5279 | D:6      | Noticed buskinjo's ghost (novice DsGl)
  5293 | D:5      | Reached XP level 8. HP: 30/60 MP: 9/9
  6103 | D:6      | Got a faintly glowing chain mail
  6118 | D:6      | Identified the cursed +1 chain mail of the Catfish {MR+ Int+4} (You found it on level 6 of the Dungeon)
  6313 | D:6      | Noticed Menkaure
  6324 | D:5      | Killed Menkaure
  6434 | D:6      | Reached skill level 8 in Long Blades
  6446 | D:6      | Reached skill level 5 in Fighting
  6609 | D:6      | Reached *** piety under Okawaru
  6806 | D:6      | Reached XP level 9. HP: 49/68 MP: 11/11
  7362 | D:7      | Reached skill level 1 in Evocations
  7830 | D:7      | Reached **** piety under Okawaru
  7962 | D:7      | Reached skill level 9 in Long Blades
  8163 | D:7      | Noticed p0werm0de's ghost (novice DDFi)
  8182 | D:7      | Killed p0werm0de's ghost
  8621 | D:5      | Killed p0werm0de's ghost
  8895 | D:6      | Killed buskinjo's ghost
  8895 | D:6      | Reached skill level 10 in Long Blades
  8895 | D:6      | Reached XP level 10. HP: 74/74 MP: 10/13
  9013 | D:8      | Noticed p0werm0de's ghost (novice DDFi)
  9015 | D:8      | Noticed a two-headed ogre
  9018 | D:8      | Noticed a two-headed ogre
  9101 | D:8      | Noticed a two-headed ogre
  9117 | D:8      | Killed a two-headed ogre
  9996 | D:8      | Found a shattered altar of Ashenzari.
 10013 | D:8      | Killed a two-headed ogre
 10013 | D:8      | Reached ***** piety under Okawaru
 10013 | D:8      | Received a gift from Okawaru
 10013 | D:8      | Reached skill level 11 in Long Blades
 10032 | D:8      | Killed a two-headed ogre
 10231 | D:8      | Found Buenejae's Antique Armour Shoppe.
 10242 | D:8      | Got a polished chain mail
 10265 | D:8      | Bought a shiny helmet for 180 gold pieces
 10442 | D:8      | Killed p0werm0de's ghost
 10571 | D:8      | Reached skill level 12 in Long Blades
 10676 | D:8      | Found a sacrificial altar of Ru.
 10840 | D:9      | Reached XP level 11. HP: 79/79 MP: 14/14
 11204 | D:9      | Noticed a two-headed ogre
 11220 | D:9      | Killed a two-headed ogre
 11415 | D:9      | Noticed a cyan ugly thing
 11423 | D:9      | Killed a cyan ugly thing
 11692 | D:9      | Identified the +6 chain mail of Pewomp {MR+} (You found it on level 8 of the Dungeon)
 11724 | D:10     | Entered Level 10 of the Dungeon
 11726 | D:10     | Noticed a two-headed ogre
 11746 | D:9      | Killed a two-headed ogre
 11819 | D:10     | Reached skill level 1 in Dodging
 12323 | D:11     | Found an ancient bone altar of Kikubaaqudgha.
 12441 | D:11     | Received a gift from Okawaru
 12546 | D:11     | Noticed a white ugly thing
 12554 | D:11     | Killed a white ugly thing
 12616 | D:11     | Noticed an unseen horror
 12620 | D:11     | Noticed a cyan ugly thing
 12648 | D:11     | Killed an unseen horror
 12939 | D:11     | Killed a cyan ugly thing
 13154 | D:11     | Noticed a two-headed ogre
 13163 | D:11     | Killed a two-headed ogre
 13192 | D:11     | Noticed a deep elf mage
 13213 | D:11     | Killed a deep elf mage
 13213 | D:11     | Received a gift from Okawaru
 13519 | D:11     | Found a staircase to the Lair.
 13693 | D:11     | Reached skill level 13 in Long Blades
 13915 | D:11     | Found a sparkling altar of Nemelex Xobeh.
 14033 | D:12     | Reached XP level 12. HP: 48/88 MP: 13/15
 14125 | D:12     | Reached skill level 5 in Invocations
 14422 | D:12     | Noticed a two-headed ogre
 14424 | D:12     | Killed a two-headed ogre
 14424 | D:12     | Reached skill level 5 in Evocations
 14460 | D:12     | Noticed a two-headed ogre
 14467 | D:12     | Killed a two-headed ogre
 14593 | D:12     | Reached skill level 5 in Armour
 14630 | D:12     | Received a gift from Okawaru
 14643 | D:12     | Found a roughly hewn altar of Beogh.
 14643 | D:12     | Found a staircase to the Orcish Mines.
 14742 | D:12     | Noticed a four-headed hydra
 14753 | D:12     | Killed a ten-headed hydra
 14753 | D:12     | Received a gift from Okawaru
 14756 | D:12     | Got a shimmering falchion {god gift}
 14757 | D:12     | Identified the +9 falchion of the Lost Dreams {slice, rF+ rN+} (Okawaru gifted it to you on level 12 of the Dungeon)
 14792 | D:12     | Noticed Fannar
 14815 | D:12     | Killed Fannar
 15994 | D:13     | Noticed a two-headed ogre
 16004 | D:13     | Killed a two-headed ogre
 16034 | D:13     | Noticed Josephine
 16062 | D:13     | Killed Josephine
 16098 | D:13     | Noticed Nessos
 16105 | D:13     | Received a gift from Okawaru
 16109 | D:13     | Killed Nessos
 16208 | D:13     | Noticed a catoblepas
 16233 | D:13     | Killed a catoblepas
 16677 | D:13     | Noticed Azrael
 16729 | D:13     | Gained mutation: You are in touch with the powers of death. [Mummy growth]
 16729 | D:13     | Reached XP level 13. HP: 92/96 MP: 11/17
 16756 | D:13     | Killed Azrael
 16756 | D:13     | Received a gift from Okawaru
 17340 | D:14     | Noticed Roxanne
 17381 | D:14     | Reached skill level 5 in Shields
 18698 | D:14     | Reached skill level 14 in Long Blades
 18970 | D:15     | Entered Level 15 of the Dungeon
 18977 | D:15     | HP: 1/98 [meliai/divine providence (14)]
 18977 | D:15     | Killed from afar by a meliai

Skill      XL: |  1  2  3  4  5  6  7  8  9 10 11 12 13 |
---------------+----------------------------------------+-----
Long Blades    | 2 3 4 5 6 7 8 10 12 13 14 | 14.0
Invocations    | 2 3 4 6 |  6.7
Fighting       | 4 5 6 7 |  7.8
Armour         | 3 4 5 6 |  6.4
Evocations     | 3 4 5 6 |  6.5
Dodging        | 2 3 4 |  4.0
Shields        | 3 4 5 |  5.0

Action                   |  1- 3 |  4- 6 |  7- 9 | 10-12 | 13-15 || total
-------------------------+-------+-------+-------+-------+-------++-------
Melee: Long sword        |   152 |   208 |   500 |   621 |       ||  1481
       Dagger            |       |     6 |       |       |       ||     6
       Scimitar          |       |       |       |    45 |   169 ||   214
       Falchion          |       |       |       |   198 |    81 ||   279
Invok: Heroism           |       |       |     3 |    26 |     5 ||    34
       Finesse           |       |       |       |     1 |       ||     1
Evoke: Wand              |       |       |    12 |    28 |       ||    40
       Lamp of fire      |       |       |       |     2 |       ||     2
  Use: Scroll            |     3 |       |     8 |    10 |     4 ||    25
 Stab: Paralysed         |       |       |       |    12 |       ||    12
Armor: Scale mail        |   126 |    97 |   109 |       |       ||   332
       Chain mail        |       |       |   113 |   447 |   130 ||   690
Dodge: Dodged            |    67 |    57 |   134 |   199 |    81 ||   538
Block: Shield            |    90 |    88 |   224 |   410 |   109 ||   921
       Rpst.: Long sword |    13 |    18 |    41 |    37 |       ||   109
       Scimitar          |       |       |       |     1 |    13 ||    14
       Falchion          |       |       |       |    15 |     2 ||    17
